AoeStats
← [NICE_ASS] BigMasi

Nomad

506167860Analyzed
4v4 RM · 20d ago on Sep 12, 2026· 67m 27s· 8 players
Game mode
Random Map
Map size
231×231
Population
200
Speed
Normal
Resources
Standard
Victory
Conquest
Starting age
Dark Age
Ending age
Imperial Age
RankedLock teamsTeams togetherTeam positionsShared explorationLock speedFull tech treeHidden civsTurbo modeCheats
Victory
Defeat
🇫🇷 Khmer · France
1204
+15
🇫🇷 Hindustanis · France
1158
+17
🇳🇱 Lithuanians · Netherlands
1138
+18
🇳🇱 Persians · Netherlands
1116
+19
🇨🇭 Tupi · Switzerland
1294
-23
🇨🇭 Persians · Switzerland
1161
-16
🇨🇭 Koreans · Switzerland
1136
-15
🇨🇭 Byzantines · Switzerland
1126
-15
jsvos123
6:14 Loom
14:26 Feudal Age
15:01 Town Watch
23:33 Castle Age
22:51 Horse Collar
24:22 Gold Mining
26:46 Double-Bit Axe
29:35 Bloodlines
36:22 Scale Barding Armor
36:42 Heavy Plow
42:19 Wheelbarrow
42:57 Fletching
43:35 Stone Mining
47:35 Imperial Age
45:06 Bodkin Arrow
46:24 Chain Barding Armor
46:55 Forging
47:56 Cavalier
49:15 Plate Barding Armor
50:06 Gold Shaft Mining
50:22 Iron Casting
49:59 Husbandry
59:57 Conscription
60:59 Elite Skirmisher
61:45 Thumb Ring
62:28 Bow Saw
Donkerzs
10:26 Loom
13:39 Feudal Age
20:27 Castle Age
22:29 Fletching
27:56 Bloodlines
28:02 Forging
33:06 Iron Casting
32:47 Scale Barding Armor
38:11 Chain Barding Armor
42:36 Husbandry
47:24 Imperial Age
47:49 Cavalier
49:07 Plate Barding Armor
54:37 Conscription
57:52 Double-Bit Axe
60:34 Bodkin Arrow
60:40 Padded Archer Armor
61:21 Elite Skirmisher
marsupoil3232
9:10 Loom
15:06 Feudal Age
20:03 Castle Age
18:01 Double-Bit Axe
18:43 Horse Collar
20:11 Wheelbarrow
19:31 Stone Mining
19:32 Gold Mining
26:22 Fletching
27:48 Scale Mail Armor
27:59 Forging
31:41 Scale Barding Armor
31:46 Forging
32:20 Husbandry
32:38 Bloodlines
34:04 Chain Barding Armor
34:20 Iron Casting
48:23 Imperial Age
46:09 Hand Cart
46:57 Iron Casting
50:16 Plate Barding Armor
49:13 Heavy Camel Rider
52:11 Gold Shaft Mining
51:42 Heavy Plow
51:55 Bow Saw
52:16 Imperial Camel Rider
56:01 Blast Furnace
55:03 Bodkin Arrow
55:08 Padded Archer Armor
56:59 Two-Man Saw
57:10 Town Watch
57:43 Bracer
61:07 Leather Archer Armor
Psychedelonaut
4:34 Loom
13:45 Feudal Age
18:35 Castle Age
19:33 Wheelbarrow
23:16 Double-Bit Axe
26:08 Horse Collar
28:59 Town Watch
29:26 Forging
29:57 Scale Barding Armor
30:43 Heavy Plow
34:31 Imperial Age
35:37 Hand Cart
35:14 Heavy Scorpion
36:41 Double Crossbow
37:01 Conscription
37:48 Chemistry
40:30 Bow Saw
45:17 Siege Engineers
54:54 Town Patrol
55:35 Fletching
56:42 Elite Ballista Elephant
60:18 Bloodlines
60:09 Husbandry
juffie
7:54 Loom
13:54 Feudal Age
14:27 Fishing Lines
14:53 Double-Bit Axe
15:36 Double-Bit Axe
17:57 Castle Age
16:02 Double-Bit Axe
16:19 Fishing Lines
17:36 Scale Barding Armor
17:55 Bloodlines
21:57 Chain Barding Armor
25:22 Bow Saw
26:17 Fletching
27:14 Wheelbarrow
32:40 Imperial Age
30:19 Stone Mining
30:58 Forging
32:30 Town Watch
32:41 Cavalier
45:03 Hand Cart
44:38 Onager
45:17 Gold Mining
51:34 Two-Man Saw
59:21 Chemistry
58:35 Husbandry
62:00 Scale Mail Armor
62:17 Pikeman
63:01 Squires
62:48 Gambesons
63:47 Plate Barding Armor
63:51 Bodkin Arrow
65:08 Chain Mail Armor
[NICE_ASS] BigMasi
6:41 Loom
15:20 Feudal Age
16:49 Double-Bit Axe
18:50 Gold Mining
23:27 Castle Age
22:59 Stone Mining
24:34 Fletching
26:04 Bodkin Arrow
28:01 Padded Archer Armor
29:25 Champi Runner
31:53 Leather Archer Armor
34:14 Ballistics
38:04 Wheelbarrow
39:29 Bow Saw
38:59 Horse Collar
43:33 Imperial Age
42:00 Hand Cart
44:49 Conscription
45:32 Chemistry
44:33 Bracer
45:04 Ring Archer Armor
46:38 Two-Man Saw
45:39 Heavy Plow
46:14 Gold Shaft Mining
46:45 Curare
52:35 Champi Warrior
53:15 Squires
53:01 Arson
53:04 Capped Ram
53:54 Elite Blackwood Archer
54:11 Siege Ram
54:55 Scale Mail Armor
55:05 Forging
57:39 Chain Mail Armor
58:00 Iron Casting
56:51 Elite Champi Warrior
56:54 Pikeman
57:41 Halberdier
64:05 Plate Mail Armor
64:24 Caravan
[UKB] Vincent Giovanni
9:03 Loom
15:08 Feudal Age
16:16 Horse Collar
17:05 Double-Bit Axe
17:42 Gold Mining
24:45 Castle Age
35:58 Wheelbarrow
38:43 Bow Saw
39:03 Heavy Plow
40:51 Scale Mail Armor
40:43 Fletching
41:53 Gold Shaft Mining
42:35 Stone Mining
43:12 Hand Cart
42:52 Pikeman
43:49 Forging
44:41 Squires
45:11 Chain Mail Armor
49:46 Iron Casting
52:02 Imperial Age
50:02 Ballistics
51:46 Bodkin Arrow
53:43 Chemistry
52:08 Halberdier
53:53 Plate Mail Armor
hanibalX
3:49 Loom
13:51 Feudal Age
14:20 Double-Bit Axe
14:35 Fishing Lines
15:41 Gold Mining
16:46 Fletching
20:44 Castle Age
19:47 Forging
21:25 Bodkin Arrow
21:43 Medium Warships
23:01 Gold Shaft Mining
23:18 Bow Saw
23:42 Gillnets
24:49 Ballistics
24:43 Careening
25:44 Wheelbarrow
25:05 Town Watch
25:41 Clinker Construction
30:33 Horse Collar
32:45 Heavy Plow
36:21 Imperial Age
34:13 Masonry
34:19 Town Patrol
35:07 Iron Casting
36:39 Hand Cart
36:29 Elite Fire Lancer
37:11 Scale Mail Armor
37:49 Architecture
38:23 Chemistry
38:24 Chain Mail Armor
39:30 Two-Man Saw
38:29 Arrowslits
38:48 Pikeman
40:03 Plate Mail Armor
39:21 Treadmill Crane
40:11 Squires
39:57 Arson
39:58 Gambesons
40:33 Bracer
41:47 Murder Holes
42:28 Halberdier
43:48 Conscription
43:34 Eupseong
49:59 Elite War Wagon
51:49 Siege Engineers
Connection lost

Rejoining the realm…

Still unreachable

The connection could not be restored.

Session expired

The server has moved on; the page needs a fresh start.